[Event "E World Cup 2023"]
[Site "Chess.com"]
[Date "2023.08.05"]
[Round "3"]
[White "Svidler, Peter"]
[Black "Van Foreest, Jorden"]
[Result "1-0"]
[WhiteElo "2688"]
[BlackElo "2693"]
[ECO "B95"]
[EventDate "2023.??.??"]
[Annotator "rafael"]
[PlyCount "53"]
[Beauty "8247545179656"]
[EventType "team-tourn"]
[EventCountry "FID"]
[TimeControl "40/5400+30:1800+30"]

1.e4 c5 2.Nf3 d6 3.d4 cxd4 4.Nxd4 Nf6 5.Nc3 a6 6.Bg5 e6 7.Qe2 {A common square for the queen, but not very popular without playing 7.f4 first. Svidler had tried this move before in 2023.} 7...Be7 8.h4 {It becomes clear that White has no intention of playing f2-f4 and is aiming for a new way of playing against the Najdorf. This is a flexible move that fulfills many functions: It defends the h4-bishop, starts the kingside pawn advance, and paves the way for the rook development on h3.} 8...h6 ( 8...b5 {is also a very sensible move and was played against Svidler:} 9.a3 Bb7 10.O-O-O Nbd7 11.g4 Rc8 12.Bxf6 Bxf6 13.g5 Bxd4 14.Rxd4 Rxc3 $5 ( 14...h6 {is the computer's suggestion.} ) 15.bxc3 Qa5 16.Kb2 Nc5 {with a complicated game in Svidler-Hakobyan, Aimchess (rapid) 2023.} ) 9.Bd2 ( 9.Be3 {has also been played before.} ) 9...Qb6 {A typical move in the Sicilian, forcing the knight back.} ( 9...b5 {is also playable when White must play} 10.a3 {preventing b5-b4.} ) 10.Nb3 h5 {The first new move of the game. Van Foreest avoids the advance of g2-g4.} ( 10...Qc7 11.g4 {was played in Bakre-Sriram, Mumbai 2003.} ) 11.O-O-O Qc7 12.Rh3 {One of the main ideas of White's setup is this typical rook lift on the third rank. The rook is now able to attack and defend at the same time.} ( 12.f3 {is a serious alternative, followed by g4.} ) 12...Nbd7 {It's also possible to develop the knight on c6, for instance:} ( 12...b5 13.a3 Nc6 {The knight is useful to support the b5-b4 advance.} ) 13.Rg3 g6 ( 13...O-O {This shows the difference between computer chess and human chess. My machine is not afraid of castling with this scary rook on g3 and many attacking ideas for White. This is a move I'd not even consider in this position with the pawn still on g7.} ) 14.Bg5 {The bishop is back to an attacking post.} 14...b5 15.a3 {A necessary move to avoid b5-b4.} 15...Bb7 16.Qe1 {White has other possibilities, and in general Svidler got exactly what he wanted from the opening: a double-edged fight without theory.} ( 16.Kb1 ) ( 16.f4 ) 16...Rc8 {A good move, developing the rook. Castling on the queenside is not really an option.} ( 16...O-O-O $2 {[%c_effect c8;square;c8;type;Mistake;persistent;true] is very dangerous with this rook on g3 possibly going to the queenside. White has many winning continuations:} 17.Bxb5 ( 17.Nxb5 axb5 18.Nd4 {is good enough for a winning attack.} ) ( 17.a4 b4 18.Rd4 $1 bxc3 19.Rxc3 Nc5 20.e5 dxe5 21.Rdc4 {is also very good for White.} ) 17...axb5 18.Nxb5 Qb6 19.Qb4 {with a decisive attack.} ) 17.Bd3 Nc5 $6 {[%c_effect c5;square;c5;type;Inaccuracy;persistent;true] It turns out this move is not very useful for Black.} ( 17...d5 {is an option, although it looks crazy to open the game with the king in the middle. But after} 18.exd5 Nxd5 {the computer finds nothing clearcut for White and evaluates the position as equal.} ) 18.Kb1 {The good old Kb1 is always necessary in the Sicilian.} 18...O-O {This move was criticized by Svidler in the post-game interview, but it's not so bad according to the machine. The problem is that it's not easy to play with Black: He has no clear way of developing the attack on the queenside, and the king has no safe place to hide.} ( 18...Nxd3 $2 19.Rgxd3 O-O 20.f3 {followed by g4 with a strong attack.} ) ( 18...Nxb3 19.cxb3 O-O {is possible, but Black will face a strong attack.} ) 19.Nxc5 dxc5 ( 19...Qxc5 {Svidler expected this capture. White keeps the initiative with} 20.f4 ) 20.e5 Nd5 $2 {[%c_effect d5;square;d5;type;Mistake;persistent;true] This is a big mistake.} ( 20...Ng4 $1 {[%c_effect g4;square;g4;type;GreatFind;persistent;true] is the only way to survive. After} 21.Bxe7 Qxe7 22.f3 Nh6 {it seems that Black's position is not as bad as it looks. Even so, White keeps fierce pressure with the accurate} 23.Ne2 $1 {[%c_effect e2;square;e2;type;GreatFind;persistent;true] The game may continue:} 23...c4 24.Bxg6 $1 fxg6 25.Rxg6+ Kh7 26.Rg5 {Followed by Ng3 and capturing the pawn on h5 with the advantage for White.} ) 21.Nxd5 Bxd5 22.Qe3 $1 {[%c_effect e3;square;e3;type;GreatFind;persistent;true] All of White's pieces take part in the attack now, while Black's king is unprotected. Even the rook on d1 will play a key role, as the game will show.} 22...c4 23.Bxg6 $1 {[%c_effect g6;square;g6;type;GreatFind;persistent;true] The deadly blow.} 23...fxg6 24.Bxe7 Qxe7 25.Rxg6+ Kh8 26.Rh6+ ( 26.Qh6+ {also wins:} 26...Qh7 27.Rxd5 $1 exd5 ( 27...Qxh6 28.Rxh6+ Kg7 29.Rxe6 ) 28.Qg5 {Followed by 29.Rh6.} ) 26...Kg7 ( 26...Kg8 {loses to} 27.Qg3+ Qg7 ( 27...Kf7 28.Rh7+ ) 28.Rg6 ) 27.Rxh5 $1 {[%c_effect h5;square;h5;type;GreatFind;persistent;true] Black has no defense, and van Foreest didn't bother to check Svidler's accuracy.} ( 27.Rxh5 Rg8 ( 27...Rh8 28.Qg3+ Kf7 29.Qf4+ Kg7 30.Rg5+ Kh7 31.Rxd5 exd5 32.Qf5+ Kh6 33.Qg6# ) ( 27...Kg6 28.Rh6+ Kg7 29.Rd4 $1 {[%c_effect d4;square;d4;type;GreatFind;persistent;true] The rook joins the attack, and the game is over.} ) 28.Rxd5 $1 exd5 29.Qh6+ Kf7 30.Qh7+ Rg7 ( 30...Kf8 31.Qf5+ Kg7 32.Rh7# ) 31.Qf5+ {Picking up the rook on c8.} ) 1-0

[Event "E World Cup 2023"]
[Site "Chess.com"]
[Date "2023.08.06"]
[Round "3"]
[White "Gukesh, D."]
[Black "Narayanan, SL."]
[Result "1-0"]
[WhiteElo "2751"]
[BlackElo "2656"]
[ECO "C81"]
[EventDate "2023.??.??"]
[Annotator "rafael"]
[PlyCount "73"]
[Beauty "7903813588508"]
[EventType "team-tourn"]
[EventCountry "FID"]
[TimeControl "40/5400+30:1800+30"]

1.e4 e5 2.Nf3 Nc6 3.Bb5 a6 4.Ba4 Nf6 5.O-O Nxe4 {The Open Variation of the Ruy Lopez is a defense with an excellent reputation and played from time to time at the elite level.} 6.d4 b5 7.Bb3 d5 8.dxe5 Be6 9.Qe2 Be7 10.Rd1 O-O 11.c3 $5 {[%c_effect c3;square;c3;type;Interesting;persistent;true] 11.c4 is played in the vast majority of the games. Moving the pawn only one square forward is a fresh idea that quickly takes the game out of well-known paths.} 11...Nc5 {Narayanan took more than 10 minutes to play this, indicating he was surprised by Gukesh's previous move.} ( 11...f6 {This is a typical break in this line, and it's a critical move. An important correspondence game continued:} 12.exf6 Bxf6 13.Be3 Ne5 14.Nxe5 Bxe5 {and eventually ended in a draw in Grabliauskas-Novikovas, ICCF email 2018.} ) 12.Bc2 Bg4 13.h3 {Gukesh was probably out of book as well, since he thought for nearly 20 minutes before playing this.} ( 13.b4 ) ( 13.Nbd2 ) 13...Bh5 14.Nbd2 {This position has never occurred before in a grandmaster game.} 14...Re8 ( 14...f6 $1 {[%c_effect f6;square;f6;type;GreatFind;persistent;true] Again this break is a good option.} 15.e6 ( 15.exf6 Bxf6 ( 15...Rxf6 {is also possible with a complicated game after} 16.Nb3 {It turns out that the capture on f3 is not so dangerous as it seems at first sight.} ) 16.Nb3 Re8 17.Be3 Ne4 {with chances for both sides.} ) 15...Qd6 {Black is close to equality.} ) 15.Nb3 Bf8 {A new move.} ( 15...Bxf3 $2 {[%c_effect f3;square;f3;type;Mistake;persistent;true] was played in a blitz game, but it's a losing move.} 16.Qxf3 Nxe5 17.Qf5 $1 Ng6 18.Rxd5 {with a winning position for White in Mazur-Zanette, Titled Tuesday 2021.} ) 16.g4 {Necessary since the e5-pawn is attacked.} 16...Bg6 17.Nxc5 Bxc5 ( 17...Bxc2 18.Qxc2 Bxc5 19.Bf4 {leads to a small advantage for White.} ) 18.b4 {This move is typical of the Ruy Lopez, preparing Bb3 or a4 next, but it's not the best here.} ( 18.Bxg6 $1 {[%c_effect g6;square;g6;type;GreatFind;persistent;true] gives more chances of an advantage.} 18...hxg6 19.Bf4 f6 {Black must strike in the center to create counterplay.} 20.e6 ( 20.Qd3 {leads to an endgame with good drawing chances for Black after} 20...fxe5 21.Qxd5+ Qxd5 22.Rxd5 Bxf2+ 23.Kxf2 exf4 24.Rc5 Na5 $1 25.Rxc7 Nc4 ) 20...Qc8 21.Rxd5 Rxe6 22.Qd3 {White has some pressure.} ) 18...Bb6 {A good move, although there are options.} ( 18...Bf8 $6 {[%c_effect f8;square;f8;type;Inaccuracy;persistent;true] is not good:} 19.Bb3 Be4 20.Bf4 {with advantage for White.} ) ( 18...Bd6 {Tactics make this move possible.} 19.Bxg6 ( 19.Rxd5 Bxc2 20.Qxc2 Nxe5 {is good for Black.} ) 19...hxg6 20.Rxd5 ( 20.Bf4 Nxe5 $1 21.Bxe5 Bxe5 22.Nxe5 f6 {with equality.} ) 20...Nxe5 $1 21.Nxe5 f6 {with good equalizing chances, for instance:} 22.Bf4 fxe5 23.Bg3 e4 ) ( 18...Nxe5 {Even this move is interesting:} 19.Nxe5 Bd6 20.f4 ( 20.Bxg6 hxg6 {followed by f7-f6, transposing to the lines seen previously.} ) 20...f6 21.Bb3 fxe5 22.Bxd5+ Bf7 23.Bxa8 Qxa8 {with good compensation for the exchange.} ) 19.Bf4 ( 19.Bb3 $6 Nxe5 $1 20.Nxe5 Qf6 {with a good position for Black. Taking on d5 even loses after} 21.Rxd5 $2 c6 ) 19...Qd7 $6 {[%c_effect d7;square;d7;type;Inaccuracy;persistent;true] The beginning of Black's problems.} ( 19...Qf6 $3 {[%c_effect f6;square;f6;type;Brilliant;persistent;true] is a fantastic resource that solves all the problems and gives Black a good game.} 20.Bg5 $1 ( 20.exf6 Rxe2 {is excellent for Black.} ) ( 20.Qd2 Nxe5 $1 21.Nxe5 Bxc2 22.Nd7 Qg6 {with a good position.} ) 20...Qe6 21.Bb3 Nxe5 ( 21...Be4 {is also possible:} 22.Bf4 Rad8 {with chances for both sides.} ) 22.Bxd5 Nxf3+ 23.Qxf3 Be4 $1 24.Bxe4 Qxe4 {The game will likely end in a draw.} ) 20.Bb3 Ne7 21.a4 $1 {[%c_effect a4;square;a4;type;GreatFind;persistent;true] Now White finally has the typical Spanish pressure.} 21...c5 ( 21...c6 {is more solid but also more passive.} 22.Nd4 {with the possible plan of Bg3 followed by the advance of the f-pawn.} ) 22.bxc5 Bxc5 23.Nd4 {A natural move, but the machine indicates two alternatives that are more promising.} ( 23.Bg5 {wins the d5-pawn, although it simplifies the position.} 23...Qc7 24.Bxe7 Bxe7 25.Bxd5 Rad8 26.axb5 axb5 ) ( 23.Nh4 {is the computer's favorite move, with the idea of capturing the bishop at some point or playing Kg2-Bg3 and f2-f4. It's not an easy move, since we learn from an early age that the knight should go to the center, exactly what Gukesh played.} ) 23...b4 $6 ( 23...Bxd4 {The knight should be captured.} 24.Rxd4 {with a slight advantage for White.} ( 24.cxd4 Rac8 ) ) 24.cxb4 Bxb4 25.Rac1 {The knight is very strong on d4; White has a better pawn structure, more active pieces, and all sorts of tactical possibilities.} 25...Ba5 $6 ( 25...Qb7 {is more stubborn, but the position is very difficult to defend after} 26.e6 ) 26.Nc6 $6 {[%c_effect c6;square;c6;type;Inaccuracy;persistent;true] This looks like a deadly blow, and I was really impressed by it. The computer, unfortunately, sometimes takes away our illusions.} ( 26.Bg5 $1 {[%c_effect g5;square;g5;type;GreatFind;persistent;true] is stronger, with the idea of taking the knight and playing Nc6 next. White has a winning advantage.} ) 26...Nxc6 27.Bxd5 {In order to survive, Black has to find a series of incredible moves from now on.} 27...Nb4 $2 ( 27...Nxe5 $1 {[%c_effect e5;square;e5;type;GreatFind;persistent;true] keeps the game going:} 28.Bxa8 Nd3 29.Qf3 Qe7 $1 {[%c_effect e7;square;e7;type;GreatFind;persistent;true] The only move, avoiding a potential attack by White's a8-bishop and removing the queen from the pin.} 30.Rxd3 Bxd3 31.Qxd3 Rxa8 32.Qd5 Qd8 $1 {[%c_effect d8;square;d8;type;GreatFind;persistent;true] Another forced move. Black still has a long defense ahead, but it's still possible to dream with a draw.} ) 28.Bxa8 {White is an exchange up for no compensation.} 28...Qxa4 29.Ra1 Qb3 30.Be4 Bxe4 31.Qxe4 Qxh3 32.Be3 ( 32.Bg3 {is also winning, keeping the e5-pawn protected.} ) 32...Bc7 $5 {[%c_effect c7;square;c7;type;Interesting;persistent;true] An interesting trap.} 33.Rac1 $1 ( 33.Qxb4 $4 {[%c_effect b4;square;b4;type;Blunder;persistent;true] allows a surprising attack after} 33...Bxe5 ) 33...Bb8 ( 33...Bxe5 34.Qxe5 $1 Qxg4+ ( 34...Rxe5 35.Rc8+ ) 35.Kf1 Qh3+ 36.Ke1 Qh1+ 37.Ke2 {The checks are over.} ) 34.Rc5 $1 {[%c_effect c5;square;c5;type;GreatFind;persistent;true] Defending the e5-pawn.} ( 34.Qxb4 $4 Bxe5 ) 34...h5 35.Rdc1 $1 {[%c_effect c1;square;c1;type;GreatFind;persistent;true] Precision until the end. The rook is going to c8.} ( 35.Qxb4 $6 Bxe5 36.Rxe5 Rxe5 {This is also winning, but the move played in the game is much better.} ) 35...Qxg4+ 36.Qxg4 hxg4 37.Rc8 {Another powerful display by Gukesh. In my opinion, he is the most promising young player in the world and a very likely candidate to become world champion in the coming years.} 1-0